 Dungeon Crawl Stone Soup version 0.30-a0-587-gfd7c166f36 (webtiles) character file.

Game seed: 7090301597656508446

1003 Citaku the Covered (level 8, -5/70 HPs)
             Began as a Minotaur Fighter on Jan 4, 2023.
             Shot with a sling bullet by Joseph (9 damage)
             ... on level 7 of the Dungeon.
             The game lasted 00:05:02 (2665 turns).

Citaku the Covered (Minotaur Fighter)               Turns: 2665, Time: 00:05:02

Health: -5/70      AC:  7    Str: 21    XL:     8   Next: 0%
Magic:  7/7        EV:  9    Int:  5    God:
Gold:   183        SH:  6    Dex: 12    Spells: 7/7 levels left

rFire   . . .      SeeInvis .    a - +0 war axe
rCold   + . .      Faith    .    c - +1 buckler
rNeg    . . .      Spirit   .    b - +0 scale mail
rPois   .          Reflect  .    (helmet restricted)
rElec   .          Harm     .    (no cloak)
rCorr   .          Rampage  .    (no gloves)
Will    .....                    (no boots) Stlth
                                 (no amulet)
HPRegen 0.31/turn                f - ring of protection from cold
MPRegen 0.10/turn                (no ring)

@: no status effects
A: horns 2, retaliatory headbutt
a: no special abilities


You were on level 7 of the Dungeon.
You visited 1 branch of the dungeon, and saw 5 of its levels.

You collected 183 gold pieces.

Inventory:

Hand Weapons
 a - a +0 war axe (weapon)
Armour
 b - a +0 scale mail (worn)
 c - a +1 buckler (worn)
Jewellery
 f - a ring of protection from cold (left hand)
Wands
 p - a wand of quicksilver (8)
Scrolls
 i - 4 scrolls of identify {unknown}
 k - a scroll of enchant armour
 m - a scroll of fog {unknown}
 o - 3 scrolls of teleportation {unknown}
 q - a scroll of silence {unknown}
Potions
 d - a potion of might
 e - 2 potions of brilliance {unknown}
 g - a potion of curing {unknown}
 h - 2 potions of berserk rage {unknown}
 j - a potion of degeneration {unknown}
 l - a potion of haste {unknown}
 n - 2 potions of mutation {unknown}


   Skills:
 + Level 5.7 Fighting
 * Level 6.9 Axes
 * Level 7.3 Armour
 + Level 5.8 Shields


You had 7 spell levels left.
You didn't know any spells.
Your spell library contained the following spells:

 Spells                   Type           Power      Damage    Failure   Level
 Hailstorm                Conj/Ice       0%         3d3       99%         3
 Ice Form                 Ice/Tmut       0%         N/A       100%        4
 Simulacrum               Ice/Necr       0%         N/A       100%        6


Dungeon Overview and Level Annotations

Branches:
Dungeon (4/15)
 Temple: D:4-7

Altars:
Kikubaaqudgha

Annotations:
D:7 Joseph


Innate Abilities, Weirdness & Mutations

You have a pair of horns on your head.
You reflexively headbutt those who attack you in melee.


Message History

You kill Maggie!
You completely miss something. Something hits you but does no damage.
Your Armour skill increases to level 7!
You have reached level 8!
You feel stronger.
You barely miss the orc.
The orc is lightly wounded.
You completely miss something. The orc closely misses you.
Something hits you but does no damage. You block the orc's attack.
Something hits you.
* * * LOW HITPOINT WARNING * * *
The orc hits you with a +0 club.
* * * LOW HITPOINT WARNING * * *
An orc priest comes into view. It is wielding a +0 whip.
As you read the scroll labelled POUTRIMEUR, it crumbles to dust.
It is a scroll of enchant armour.
Your +0 buckler glows green for a moment.
The orc hits you but does no damage. The orc closely misses you.
Joseph, a Mercenary comes into view.
He is wielding a +0 quarterstaff.
Something hits you but does no damage.
You hit the orc but do no damage.
The orc is lightly wounded.
You miss something. You barely miss the orc. You block the orc's attack.
Joseph unwields a +0 quarterstaff.
Joseph wields a +0 sling.
Joseph shoots a sling bullet.
Reactivating autopickup.
You closely miss the orc.
The orc is lightly wounded.
You slash the orc!
You kill the orc!
You block the orc's attack.
Joseph shoots a sling bullet.
The sling bullet hits you.
* * * LOW HITPOINT WARNING * * *
You slash the orc!
You kill the orc!
The orc priest invokes the aid of Beogh against you.
Beogh smites you!
* * * LOW HITPOINT WARNING * * *
Joseph shoots a sling bullet.
The sling bullet hits you!
You die...

...♣.♣.......#.#
♣.......♣.♣.#..#
..#...#.....#.##
....♣....#.##.#
..#...#.....#.#
♣.......♣.♣...#
...♣.♣........#
.#.....#..)#..#
...#....♣)@).#
#.....#..)#..#
♣.♣...............
....♣.♣.o.#######
..#o......# ♣
...#....#
#....#..#
@.♣.##... .. #.##


You could see Joseph and an orc priest.

Vanquished Creatures
  Pikel (D:4)
  Maggie (D:7)
  A black bear (D:4)
  A necrophage (D:4)
  A hound (D:4)
  2 adders (D:2)
  4 gnolls (D:2)
  3 dart slugs
  4 orcs
  9 ball pythons
  6 bats (D:1)
  10 endoplasms
  4 giant cockroaches
  7 goblins
  4 hobgoblins
  6 jackals
  5 kobolds
  2 quokkas
  6 frilled lizards
  3 rats
80 creatures vanquished.

Vanquished Creatures (others)
  An orc wizard (D:7)
  A plant (D:2)
2 creatures vanquished.

Grand Total: 82 creatures vanquished

Notes
Turn   | Place    | Note
-------+----------+-------------------------------------------
     0 | D:1      | Citaku the Minotaur Fighter began the quest for the Orb.
     0 | D:1      | Reached XP level 1. HP: 19/19 MP: 0/0
    80 | D:1      | Reached XP level 2. HP: 27/27 MP: 1/1
   122 | D:1      | Reached skill level 4 in Armour
   275 | D:1      | Reached XP level 3. HP: 32/33 MP: 2/2
   780 | D:2      | Reached XP level 4. HP: 26/40 MP: 3/3
  2208 | D:4      | Noticed a necrophage
  2214 | D:4      | Killed a necrophage
  2215 | D:4      | Reached skill level 5 in Armour
  2215 | D:4      | Reached XP level 5. HP: 41/47 MP: 4/4
  2268 | D:4      | Found an ancient bone altar of Kikubaaqudgha.
  2286 | D:4      | Noticed a black bear
  2300 | D:4      | Killed a black bear
  2301 | D:4      | Reached skill level 5 in Axes
  2301 | D:4      | Reached XP level 6. HP: 47/53 MP: 5/5
  2341 | D:4      | Noticed Pikel
  2347 | D:4      | Killed Pikel
  2348 | D:4      | Reached skill level 5 in Fighting
  2348 | D:4      | Reached skill level 6 in Armour
  2348 | D:4      | Reached skill level 5 in Shields
  2348 | D:4      | Reached XP level 7. HP: 37/61 MP: 6/6
  2617 | D:4      | You fall into a shaft and drop 3 floors!
  2645 | D:7      | Noticed Maggie
  2650 | D:7      | Paralysed by Maggie for 2 turns
  2660 | D:7      | Killed Maggie
  2661 | D:7      | Reached skill level 7 in Armour
  2661 | D:7      | Reached XP level 8. HP: 22/70 MP: 7/7
  2662 | D:7      | Noticed Joseph
  2665 | D:7      | Shot with a sling bullet by Joseph

Illustrated notes

Levels and vault maps discovered:
D:1:      minmay_arrival_shattered_statue, layout_basic, st_stairs_5,
          roderic_roman_lattice, minmay_tall_x
D:2:      layout_loops_ring, serial_forest, infiniplex_forest_corner_1,
          infiniplex_forest_diagonal, infiniplex_forest_end_1,
          infiniplex_forest_lined_room_2, infiniplex_forest_corner_1,
          infiniplex_forest_clump_medium, infiniplex_forest_lined_room_2,
          infiniplex_forest_lined_room_3, infiniplex_forest_corner_2
D:3:      layout_basic, chequers_serial_rivers_micro_d
D:4:      layout_loops_ring, overflow_temple_1_default, skrybe_limestone_x,
          wad_floor_pattern_1, kennysheep_generic_room_3, uniq_pikel
D:7:      layout_loops_ring, nicolae_kite_square_tiling_tiny, uniq_joseph,
          uniq_maggie

Skill      XL: |  1  2  3  4  5  6  7 |
---------------+----------------------+-----
Armour         | 4 5 6 7 |  7.3
Axes           | 3 4 5 6 |  6.9
Shields        | 4 5 |  5.8
Fighting       | 4 5 |  5.7

Action                   |  1- 3 |  4- 6 |  7- 9 || total
-------------------------+-------+-------+-------++-------
Melee: War axe           |    80 |    58 |    26 ||   164
       Headbutt          |     8 |    12 |     5 ||    25
  Use: Potion            |       |     1 |       ||     1
       Scroll            |       |       |     1 ||     1
Armor: Scale mail        |    54 |    25 |    23 ||   102
Dodge: Dodged            |    54 |    41 |    19 ||   114
Block: Buckler           |    19 |    18 |     7 ||    44

Table legend: (Time is in decaauts)
 A = Elapsed time spent in this place.
 B = Non-inter-level travel time spent in this place.
 C = Inter-level travel time spent in this place.
 D = Time resting spent in this place.
 E = Time spent auto-exploring this place.
 F = Levels seen in this place.
 G = Mean time per level.
                   A        B        C        D        E       F      G
               +--------+--------+--------+--------+--------+-----+--------+
         Total |   2719 |   2719 |      0 |      0 |   1934 |   5 |  543.8 |
       Dungeon |   2719 |   2719 |      0 |      0 |   1934 |   5 |  543.8 |
               +--------+--------+--------+--------+--------+-----+--------+

Top non-repeatable levels by time:
     D:2: 857 daAuts
     D:1: 737 daAuts
     D:3: 655 daAuts
     D:4: 418 daAuts
     D:7: 50 daAuts
